 Dungeon Crawl Stone Soup version bcrawl-1.39.1 (webtiles) character file.

Game seed: 8384487917390372919

271605 KristoblXynda the Carver (level 9, -2/82 HPs)
             Began as a White Draconian Gladiator on Jan 9, 2021.
             Was an Initiate of Gozag.
             Slain by a red ugly thing (22 damage)
             ... on level 8 of the Dungeon on Oct 9, 2023.
             The game lasted 00:11:01 (7774 turns).

KristoblXynda the Carver (DrGl)                     Turns: 7774, Time: 00:11:02

Health: -2/82      AC: 11    Str: 17    XL:     9   Next: 82%
Magic:  9/9        EV: 15    Int: 11    God:    Gozag
Gold:   460        SH:  2    Dex: 13    Spells: 8/8 levels left

rFire    . . .     GDR:     25% v - +1 scimitar (venom)
rCold    + + .     SeeInvis .   (no shield)
rNeg     . . .     Gourm    .   (armour unavailable)
rPois    .         Faith    .   b - +2 hat
rElec    .         Spirit   .   r - +0 cloak
rCorr    .         Reflect  .   (no gloves)
MR       .....                  k - +0 pair of boots
Stlth    +.........             (no amulet)
HPRegen  0.23/turn              m - ring of protection from cold
MPRegen  0.11/turn              (no ring)

@: no status effects
A: breathe frost, unfitting armour, cold resistance 1, cold-blooded, AC +7
a: Breathe Frost, Potion Petition, Call Merchant, Bribe Branch, Renounce
Religion


You were on level 8 of the Dungeon.
You worshipped Gozag.
Gozag was aware of your devotion.
You were not hungry.

You visited 2 branches of the dungeon, and saw 9 of its levels.
You also visited: Sewer.

You collected 859 gold pieces.
You spent 297 gold pieces at shops.
You paid 102 gold pieces to Gozag.

Inventory:

Hand Weapons
 v - a +1 scimitar of venom (weapon)
 y - the +7 whip "Zuyrex" {flame, rF+ rC+ Int-5}
   (You found it on level 5 of the Dungeon)

   It has been specially enchanted to surge with flame as it hits, increasing
   damage dealt by approximately one third against foes not resistant or
   susceptible to fire.
   It affects your intelligence (-5).
   It protects you from fire.
   It protects you from cold.
Missiles
 c - 2 throwing nets (quivered) {=f}
Armour
 b - a +2 hat (worn)
 k - a +0 pair of boots (worn)
 r - a +0 cloak (worn)
Jewellery
 m - a ring of protection from cold (left hand)
Wands
 C - a wand of digging (5)
Scrolls
 g - 5 scrolls of teleportation
 h - 2 scrolls of enchant armour
 i - a scroll of identify
 p - a scroll of remove curse
 s - a scroll of amnesia
 w - a scroll of fog
 x - a scroll of summoning
 B - a scroll of blinking {unknown}
Potions
 a - a potion of berserk rage
 d - 4 potions of heal wounds
 f - 7 potions of brilliance
 j - 6 potions of might
 n - 2 potions of magic
 o - 2 potions of flight {unknown}
 q - a potion of invisibility
 t - 4 potions of curing
 u - a potion of mutation {unknown}
 z - a potion of cancellation
 A - a potion of lignification {unknown}
Comestibles
 e - 11 rations {!d}


   Skills:
 + Level 8.4 Fighting
 * Level 10.3 Long Blades
 - Level 2.0 Throwing
 + Level 7.0 Dodging


You had 8 spell levels left.
You didn't know any spells.
Your spell library was empty.

Dungeon Overview and Level Annotations

Branches:
Dungeon (8/12)             Temple (1/1) D:5
   Lair: D:7-9          Orc: D:8-11

Altars:
Ashenzari
Cheibriados
Dithmenos
Elyvilon
Fedhas
Gozag
Hepliaklqana
Kikubaaqudgha
Lugonu
Makhleb
Nemelex Xobeh
Okawaru
Qazlal
Ru
Sif Muna
Trog
Uskayaw
Vehumet
Wu Jian
Xom
Yredelemnul
Zin
The Shining One

Shops:
D:4 =(   D:5 %   D:7 !


Innate Abilities, Weirdness & Mutations

You can breathe waves of freezing cold.
You can buffet flying creatures when you breathe cold.
Your icy white scales are hard. (AC +7)
You cannot fit into any form of body armour.
Your flesh is cold resistant. (rC+)
You are cold-blooded and may be slowed by cold attacks.


Message History

No path to travel!
You feel much better.
The kobold brigand is no longer distracted by gold.
The red ugly thing barely misses you.
You hit the red ugly thing.
The red ugly thing is heavily wounded.
The red ugly thing claws you.
You are engulfed in flames!!
* * * LOW HITPOINT WARNING * * *
You hit the red ugly thing but do no damage.
The red ugly thing looks more poisoned.
Your tail-slap misses the red ugly thing.
The red ugly thing is heavily wounded.
The red ugly thing claws you but does no damage.
You barely miss the red ugly thing.
The red ugly thing is heavily wounded.
The red ugly thing claws you.
* * * LOW HITPOINT WARNING * * *
You are engulfed in flames!!
You die...
Your body crumbles into a pile of gold.

#>,* **,,*,* *, *..* ***,,**** *,
##..######%$..## *,
##...#....###### **
##..#..######### * *****
*#?###$K######### ,,,,**
**.####KK#########
,,,,,****,######u######### *
,,,,,,,,,*######@######### *
,$,,,,,,,*######.....<.### *
,,,,,,,,**#####..........# *
,,,,,,,>,*##......#####..#* ***
<,*,,,,,,,..####...####...# *,,
,***,,,,,,.######.........#****,,
,***,,,,,,.C#########...#...**,,,
,,**,,,,**#..#########..###..,,,*
*,,$,,,,**##..########.###*##.,**


You could see a red ugly thing, a kobold brigand and 2 kobolds.

Vanquished Creatures
  A troll (D:7)
  A hippogriff (D:7)
  Sigmund (D:3)
  A yak (D:5)
  A hungry ghost (D:6)
  2 orc warriors (D:6)
  2 sky beasts
  A black bear (D:8)
  A necrophage (D:8)
  An ogre (D:7)
  4 kobold brigands
  4 bullfrogs
  A centaur (D:7)
  3 killer bees (D:7)
  3 wights (D:7)
  A howler monkey (D:5)
  5 orc priests
  2 crimson imps
  A quasit (D:6)
  Crazy Yiuf (D:6)
  A bullfrog skeleton (D:6)
  4 hounds
  A jelly (D:5)
  3 iguanas
  3 orc wizards
  5 worker ants
  2 hound zombies
  A hound skeleton (D:5)
  A worker ant zombie (D:7)
  9 adders
  A howler monkey skeleton (D:6)
  8 river rats (Sewer)
  3 shadow imps (D:5)
  An ooze (Sewer)
  An adder zombie (D:6)
  2 adder skeletons
  2 dart slugs
  2 leopard geckos
  20 orcs
  6 ball pythons
  6 giant cockroaches
  6 goblins
  8 hobgoblins
  6 jackals
  40 kobolds
  6 quokkas
  4 bats
  4 frilled lizards
  21 rats
214 creatures vanquished.

Notes
Turn   | Place    | Note
-------+----------+-------------------------------------------
     0 | D:1      | KristoblXynda the Draconian Gladiator began the quest for
                  | the Orb.
     0 | D:1      | Reached XP level 1. HP: 19/19 MP: 1/1
    74 | D:1      | Reached XP level 2. HP: 2/26 MP: 2/2
   868 | D:1      | Reached XP level 3. HP: 28/33 MP: 3/3
  2024 | D:3      | Reached skill level 4 in Long Blades
  2024 | D:3      | Reached XP level 4. HP: 30/40 MP: 4/4
  2033 | D:3      | Noticed Sigmund
  2050 | D:3      | Killed Sigmund
  2051 | D:3      | Reached XP level 5. HP: 19/47 MP: 5/5
  2058 | D:3      | Found a glowing drain.
  2096 | D:3      | Reached skill level 5 in Long Blades
  2119 | Sewer    | Entered a sewer
  2196 | Sewer    | Upgraded the game from bcrawl-1.28.4 to bcrawl-1.39.1
  2258 | Sewer    | Reached XP level 6. HP: 22/53 MP: 6/6
  2717 | Sewer    | Reached skill level 5 in Fighting
  3035 | D:3      | Found a glowing golden altar of the Shining One.
  3816 | D:4      | Your scales start taking on an icy white colour.
  3816 | D:4      | Reached XP level 7. HP: 56/61 MP: 7/7
  3816 | D:4      | Gained mutation: Your flesh is cold resistant. (rC+) [White
                  | Draconian growth]
  3829 | D:4      | Reached skill level 6 in Long Blades
  4081 | D:4      | Found Haced's Jewellery Emporium.
  4149 | D:4      | Found Daituite's Weapon Shop.
  4156 | D:4      | Bought a +1 scimitar of venom for 141 gold pieces
  4190 | D:4      | Found a hide-covered altar of Uskayaw.
  4191 | D:4      | Found a glowing silver altar of Zin.
  4355 | D:5      | Entered Level 5 of the Dungeon
  4691 | D:5      | Found Zoukkot's Food Boutique.
  4747 | D:5      | Got a twisted whip
  4771 | D:5      | Noticed a yak
  4786 | D:5      | Killed a yak
  4787 | D:5      | Reached skill level 7 in Long Blades
  4787 | D:5      | Reached skill level 5 in Dodging
  4787 | D:5      | Reached XP level 8. HP: 62/70 MP: 8/8
  5104 | D:5      | Found a staircase to the Ecumenical Temple.
  5115 | Temple   | Entered the Ecumenical Temple
  5419 | Temple   | Became a worshipper of Gozag Ym Sagoz the Greedy
  5743 | D:6      | Reached skill level 8 in Long Blades
  6222 | D:6      | Reached XP level 9. HP: 73/79 MP: 9/9
  6272 | D:6      | Found a runed door.
  6438 | D:6      | Reached skill level 9 in Long Blades
  6573 | D:6      | Identified the +7 whip "Zuyrex" {flame, rF+ rC+ Int-5} (You
                  | found it on level 5 of the Dungeon)
  6876 | D:6      | Noticed Crazy Yiuf
  6881 | D:6      | Killed Crazy Yiuf
  7293 | D:7      | Noticed a troll
  7305 | D:7      | Killed a troll
  7306 | D:7      | Reached skill level 10 in Long Blades
  7412 | D:7      | Found Xecli's Distillery.
  7422 | D:7      | Bought a potion of berserk rage for 36 gold pieces
  7422 | D:7      | Bought a potion of cancellation for 60 gold pieces
  7422 | D:7      | Bought a potion of heal wounds for 60 gold pieces
  7750 | D:8      | Noticed a cyclops
  7759 | D:8      | Noticed a red ugly thing
  7774 | D:8      | Slain by a red ugly thing

Skill      XL: |  1  2  3  4  5  6  7  8  9 |
---------------+----------------------------+-----
Throwing       | 2 |  2.0
Dodging        | 3 4 5 6 7 |  7.0
Long Blades    | 4 5 7 8 10 | 10.3
Fighting       | 4 5 6 7 8 |  8.4

Action                   |  1- 3 |  4- 6 |  7- 9 || total
-------------------------+-------+-------+-------++-------
Melee: Long sword        |   142 |   228 |    64 ||   434
       Tailslap          |    13 |    20 |    29 ||    62
       Scimitar          |       |       |   296 ||   296
Throw: Throwing net      |     3 |       |       ||     3
 Abil: Breathe Frost     |       |       |     1 ||     1
  Use: Scroll            |       |     4 |    11 ||    15
       Potion            |       |     1 |     1 ||     2
 Stab: Sleeping          |     1 |       |     1 ||     2
       Distracted        |       |       |     2 ||     2
  Eat: Chunk             |     7 |    12 |     7 ||    26
       Ration            |       |       |     4 ||     4
Armor: Skin              |    50 |   100 |   167 ||   317
Dodge: Dodged            |    93 |   188 |   287 ||   568
Block: Other             |     2 |     7 |    29 ||    38
